 Dungeon Crawl Stone Soup version 0.25-a0-668-gea548f19b6 (webtiles) character file.

Game seed: 5311366215875517313, levelgen mode: deterministic

361713 Arthanis the Executioner (level 22, -16/155 HPs)
             Began as a Gargoyle Berserker on Mar 28, 2020.
             Was an Elder of Trog.
             Killed from afar by Frederick (37 damage)
             ... with a lance of force
             ... on level 3 of the Depths.
             The game lasted 01:34:33 (33151 turns).

Arthanis the Executioner (Gargoyle Berserker)      Turns: 33151, Time: 01:34:34

Health: -16/155    AC: 45    Str: 34    XL:     22   Next: 46%
Magic:  10/10      EV:  9    Int: 15    God:    Trog [****..]
Gold:   3369       SH: 18    Dex:  9    Spells: 21/21 levels left

rFire    + . .     SeeInvis +   b - +6 broad axe (antimagic)
rCold    . . .     Gourm    .   E - +0 tower shield
rNeg     + . .     Faith    +   w - +9 plate armour {ponderous}
rPois    ∞         Spirit   .   C - +0 helmet {SInv}
rElec    +         Reflect  .   R - scarf {repulsion}
rCorr    .         Harm     .   L - +1 pair of gloves {Str+3}
MR       +++..                  G - +0 pair of boots
Stlth    ..........             q - amulet of faith
HPRegen  1.35/turn              f - ring of Epecuf {Wiz Str+2 Slay+6}
MPRegen  0.12/turn              h - ring of Cifeedi {*Contam rF+ Str+5 Slay+2 SInv}

@: flying, regenerating, repel missiles, slow
A: big wings, negative energy resistance 1, electricity resistance, unbreathing,
petrification resistance, rot immunity, AC +16
}: 2/15 runes: barnacled, gossamer
a: Stop Flying, Berserk, Trog's Hand, Brothers in Arms, Renounce Religion


You were on level 3 of the Depths.
You worshipped Trog.
Trog was greatly pleased with you.
You were very hungry.

You visited 7 branches of the dungeon, and saw 37 of its levels.
You also visited: Sewer, Bailey, Gauntlet, Ice Cave and Volcano.

You collected 6330 gold pieces.
You spent 2961 gold pieces at shops.

Inventory:

Hand Weapons
 a - a +4 broad axe of flaming
 b - a +6 antimagic broad axe (weapon)
 k - a +3 executioner's axe of holy wrath
 M - a +4 antimagic battleaxe
Armour
 r - the +1 cloak of Starlight {rElec rC+ EV+4 Stlth--}
   (You found it on level 3 of the Elven Halls)

   It affects your evasion (+4).
   It protects you from cold.
   It insulates you from electricity.
   It makes you much less stealthy.
 w - a +9 plate armour of ponderousness (worn)
 C - a +0 helmet of see invisible (worn)
 E - a +0 tower shield (worn)
 G - a +0 pair of boots (worn)
 L - a +1 pair of gloves of strength (worn)
 R - a scarf of repulsion (worn)
 U - a +2 cloak of invisibility
 X - the -1 hat of Anaesthesia {rElec rF++ Str-2 Stlth+}
   (You found it on level 3 of the Shoals)

   It affects your strength (-2).
   It greatly protects you from fire.
   It insulates you from electricity.
   It makes you more stealthy.
Jewellery
 f - the ring of Epecuf (left hand) {Wiz Str+2 Slay+6}
   (You bought it in a shop on level 1 of the Elven Halls)

   [ring of wizardry]

   It improves your spell success rate.
   It affects your strength (+2).
   It affects your accuracy and damage with ranged weapons and melee attacks
   (+6).
 h - the ring of Cifeedi (right hand) {*Contam rF+ Str+5 Slay+2 SInv}
   (You found it on level 13 of the Dungeon)

   [ring of see invisible]

   It affects your strength (+5).
   It affects your accuracy and damage with ranged weapons and melee attacks
   (+2).
   It protects you from fire.
   It lets you see invisible.
   It causes magical contamination when unequipped.
 q - an amulet of faith (around neck)
 W - an uncursed amulet of rage
Wands
 i - a wand of scattershot (6)
 A - a wand of disintegration (6)
 J - a wand of enslavement (9)
 S - a wand of iceblast (38)
 T - a wand of clouds (5)
 Y - a wand of acid (31)
Scrolls
 e - 15 scrolls of teleportation
 m - 10 scrolls of immolation
 p - 8 scrolls of enchant armour
 s - 22 scrolls of remove curse
 t - 4 scrolls of magic mapping
 u - 7 scrolls of fear
 v - 2 scrolls of silence
 y - 12 scrolls of enchant weapon
 F - 5 scrolls of fog
 N - a scroll of summoning
 P - 7 scrolls of blinking
 Z - 2 scrolls of holy word
Potions
 d - 7 potions of haste
 g - 3 potions of ambrosia
 j - 3 potions of might
 n - 20 potions of curing
 o - 10 potions of brilliance
 x - 9 potions of heal wounds
 z - 8 potions of lignification
 B - 4 potions of stabbing
 D - 9 potions of mutation
 H - 2 potions of berserk rage
 O - 4 potions of cancellation
 Q - a potion of resistance
Miscellaneous
 l - a lightning rod (4/4)
 K - a lamp of fire
 V - a sack of spiders
Comestibles
 c - 65 rations


   Skills:
 + Level 21.1 Fighting
 * Level 23.3 Axes
 - Level 10.0 Armour
 + Level 10.4 Dodging
 - Level 8.0 Shields
 - Level 14.1 Evocations


You had 21 spell levels left.
You didn't know any spells.
Your spell library contained the following spells:

 Spells                   Type           Power        Failure   Level  Hunger
 Animate Skeleton         Necr           N/A          99%         1    ##.....
 Apportation              Tloc           #.....       99%         1    ##.....
 Beastly Appendage        Tmut           #.....       99%         1    ##.....
 Foxfire                  Conj/Fire      #...         99%         1    ##.....
 Magic Dart               Conj           #...         99%         1    ##.....
 Pain                     Necr           #...         99%         1    ##.....
 Sandblast                Erth           #.....       99%         1    ##.....
 Shock                    Conj/Air       #...         99%         1    ##.....
 Sting                    Tmut/Pois      #...         99%         1    ##.....
 Summon Butterflies       Summ           #.......     99%         1    ##.....
 Summon Small Mammal      Summ           #...         99%         1    ##.....
 Blink                    Tloc           N/A          100%        2    ###....
 Call Imp                 Summ           #.......     100%        2    ###....
 Ensorcelled Hibernation  Hex/Ice        #.....       100%        2    ###....
 Passwall                 Tmut/Erth      #.......     100%        2    ###....
 Poisonous Vapours        Pois/Air       #.....       100%        2    ###....
 Searing Ray              Conj           #.....       100%        2    ###....
 Shroud of Golubria       Chrm/Tloc      #.....       100%        2    ###....
 Slow                     Hex            #.......     100%        2    ###....
 Song of Slaying          Chrm           #.......     100%        2    ###....
 Sticks to Snakes         Tmut           #.......     100%        2    ###....
 Swiftness                Chrm/Air       #.......     100%        2    ###....
 Call Canine Familiar     Summ           #.......     100%        3    ####...
 Conjure Flame            Conj/Fire      #.......     100%        3    ####...
 Dazzling Flash           Conj/Hex       #.....       100%        3    ####...
 Gell's Gravitas          Tloc           #.........   100%        3    ####...
 Ignite Poison            Fire/Tmut/Pois #.......     100%        3    ####...
 Inner Flame              Hex/Fire       #.......     100%        3    ####...
 Lesser Beckoning         Tloc           #.........   100%        3    ####...
 Mephitic Cloud           Conj/Pois/Air  #.......     100%        3    ####...
 Spider Form              Tmut/Pois      #.........   100%        3    ####...
 Stone Arrow              Conj/Erth      #.....       100%        3    ####...
 Summon Guardian Golem    Hex/Summ       #.......     100%        3    ####...
 Teleport Other           Tloc           #.......     100%        3    ####...
 Tukima's Dance           Hex            #.......     100%        3    ####...
 Vampiric Draining        Necr           #.........   100%        3    ####...
 Animate Dead             Necr           N/A          100%        4    #####..
 Fulminant Prism          Conj/Hex       #.........   100%        4    #####..
 Ice Form                 Ice/Tmut       #.......     100%        4    #####..
 Iskenderun's Mystic Bla  Conj/Tloc      #.......     100%        4    #####..
 Leda's Liquefaction      Hex/Erth       #.........   100%        4    #####..
 Olgreb's Toxic Radiance  Pois           #.......     100%        4    #####..
 Passage of Golubria      Tloc           N/A          100%        4    #####..
 Petrify                  Tmut/Erth      #.......     100%        4    #####..
 Sticky Flame             Conj/Fire      #.......     100%        4    #####..
 Summon Ice Beast         Ice/Summ       #.......     100%        4    #####..
 Summon Lightning Spire   Summ/Air       #.......     100%        4    #####..
 Agony                    Necr           #.......     100%        5    ######.
 Alistair's Intoxication  Tmut/Pois      #.......     100%        5    ######.
 Blade Hands              Tmut           #.........   100%        5    ######.
 Bolt of Magma            Conj/Fire/Erth #.........   100%        5    ######.
 Fireball                 Conj/Fire      #.........   100%        5    ######.
 Irradiate                Conj/Tmut      #.........   100%        5    ######.
 Iskenderun's Battlesphe  Conj/Chrm      #.......     100%        5    ######.
 Lee's Rapid Deconstruct  Erth           #.........   100%        5    ######.
 Summon Mana Viper        Hex/Summ       #.......     100%        5    ######.
 Yara's Violent Unravell  Hex/Tmut       #.........   100%        5    ######.
 Conjure Ball Lightning   Conj/Air       #.........   100%        6    #######
 Freezing Cloud           Conj/Ice/Air   #.........   100%        6    #######
 Hydra Form               Tmut           #.........   100%        6    #######
 Invisibility             Hex            #.......     100%        6    #######
 Iron Shot                Conj/Erth      #.........   100%        6    #######
 Dragon Form              Tmut           #.........   100%        7    #######
 Orb of Destruction       Conj           #.........   100%        7    #######
 Ring of Flames           Chrm/Fire      #.........   100%        7    #######
 Spellforged Servitor     Conj/Summ      #.........   100%        7    #######
 Summon Hydra             Summ           #.........   100%        7    #######
 Statue Form              Tmut/Erth      Unusable     N/A         6    N/A

Dungeon Overview and Level Annotations

Branches:
Dungeon (15/15)            Temple (0/1) D:4            Lair (6/6) D:11
 Shoals (4/4) Lair:4       Spider (4/4) Lair:3        Slime (0/5) Lair:5
    Orc (2/2) D:10            Elf (3/3) Orc:2        Vaults (0/5) D:13
 Depths (3/5) D:15          Sewer (visited)          Bailey (visited)
  IceCv (visited)         Volcano (visited)         Gauntlet (visited)

Altars:
Ashenzari
Cheibriados
Elyvilon
Gozag
Hepliaklqana
Nemelex Xobeh
Sif Muna
Trog
Uskayaw
Vehumet
Xom
The Shining One
Jiyva

Shops:
D:5 *   D:6 !   D:13 *   D:15 (   Orc:2 ([[}   Elf:1 =   Depths:1 =}=

Portals:
Hell: Depths:1 Depths:2
Pandemonium: Depths:1

Annotations:
Depths:3 exclusion: statue, Frederick


Innate Abilities, Weirdness & Mutations

You are resistant to torment.
Your stone body is resilient. (AC +16)
You are immune to poison.
Your large and strong wings let you fly indefinitely.
You resist negative energy. (rN+)
You are resistant to electric shocks. (rElec)
You can survive without breathing.
You are immune to petrification.
You are immune to rotting.


Message History

Frederick casts a spell at you. The bolt of cold hits you!!!
Frederick mumbles some strange words.
Frederick summons a servant imbued with his destructive magic!
You hear a shout!
There is an open door here.
Your skin crawls.
You feel resistant to hostile enchantments.
You are feeling very hungry.
Trog will no longer gift you weapons.
Frederick points at you and mumbles some strange words.
The iron shot hits you!!!
The spellforged servitor casts a spell at you.
The iron shot hits you!!
* * * LOW HITPOINT WARNING * * *
The spellforged servitor hums quietly as it recharges.
A deep elf mage comes into view. It is wielding a +0 rapier.
Frederick casts a spell at you. The lance of force hits you!!!
You die...

....## .!..8#
####++ ##...##
+...e 8...8#
#...## ####...#
#...%## ...'...+
+...._#
####...## #.8@.#
###8...8#
###...###..
#8##...##
#.'@.......
.......8#
####.##++##++#
.....).####.##.#
#8#8#.###8.....#
##########...###
.......##8.)..#
..)....###...##
.........'...8#
###############


You could see Frederick, a spellforged servitor and a deep elf mage.

Vanquished Creatures
  Bai Suzhen (Shoals:4)
  Arachne (Spider:2)
  2 deep elf blademasters
  3 deep elf master archers (Elf:3)
  The ghost of Mehido the Slinger, an adept GnWn of the Shining One (Shoals:3)
  2 tengu reavers
  Ilsuiw (Shoals:3)
  3 deep elf sorcerers
  2 fire giants (Depths:1)
  2 frost giants
  3 emperor scorpions
  4 ghost moths
  Louise (Shoals:3)
  An orc warlord (Orc:2)
  3 deep elf elementalists (Elf:3)
  6 stone giants (Depths:1)
  4 entropy weavers
  8 very ugly things
  The ghost of Rooheesk the Severer, a journeyman DDGl of Makhleb (Lair:4)
  2 deep elf demonologists (Elf:3)
  Azrael (D:14)
  12 deep elf annihilators
  A dire elephant (Lair:2)
  5 spark wasps
  A minotaur (Gauntlet)
  5 statues (Depths:3)
  A green death (Gauntlet)
  2 ettins (Depths:1)
  8 deep elf death magi
  2 merfolk javelineers
  7 deep elf high priests (Elf:3)
  4 fire dragons
  A yaktaur captain (Depths:1)
  11 merfolk impalers
  2 vault guards (D:13)
  3 great orbs of eyes
  A hell beast (Depths:1)
  The ghost of catzilla the Severer, a journeyman MiBe of Trog (Lair:2)
  3 ice dragons
  An alligator snapping turtle (Shoals:4)
  2 hydras
  4 rakshasas
  6 merfolk avatars
  14 two-headed ogres
  34 dancing weapons
  2 satyrs (Shoals:4)
  4 centaur warriors
  6 death yaks
  9 merfolk aquamancers
  3 tengu warriors
  8 death scarabs (Spider:4)
  4 ogre magi
  6 spriggan berserkers (Depths:1)
  Urug (Lair:1)
  An orc high priest (Orc:2)
  17 deep elf knights
  2 spectral emperor scorpions (Spider:4)
  2 spectral death yaks (Lair:4)
  2 glowing orange brains (Depths:1)
  4 sixfirhies (Gauntlet)
  4 unseen horrors
  11 wizards
  A spectral hydra (Lair:4)
  15 sea snakes
  A lindwurm (Lair:5)
  A golden dragon zombie (Depths:1)
  13 deep elf archers
  5 spectral wolf spiders (Spider:4)
  18 harpies
  10 wolf spider zombies (Spider:3)
  An orc knight (Orc:2)
  15 orb spiders
  4 necromancers
  14 manticores
  8 orc sorcerers
  53 deep elf magi
  36 wolf spiders
  5 moths of wrath
  14 fauns
  37 ugly things
  7 cyclopes
  A sphinx skeleton (Depths:1)
  A salamander (Depths:1)
  9 merfolk sirens
  4 centaur zombies
  An ice statue (IceCv)
  16 elephants (Lair:2)
  A rust devil (Depths:1)
  An orange demon (Gauntlet)
  A fire giant skeleton (Depths:1)
  4 black mambas
  5 toenail golems (Volcano)
  A water nymph (Shoals:2)
  Maurice (D:8)
  3 molten gargoyles (Depths:2)
  A torpor snail (Lair:4)
  8 spiny frogs
  2 kobold demonologists (D:12)
  A spectral redback (Spider:4)
  3 gargoyles
  A rime drake (Lair:6)
  15 yaktaurs
  8 redback zombies
  5 komodo dragons
  13 demonic crawlers
  2 ice devils
  A red devil (Depths:1)
  3 tengu conjurers
  5 trolls
  A troll (shapeshifter) (D:15)
  A queen bee (Spider:3)
  4 wind drakes
  40 jumping spiders
  3 meliai (Spider:3)
  A jumping spider (shapeshifter) (D:15)
  5 spectral jumping spiders (Spider:4)
  3 blink frogs (Lair:2)
  A spectral tarantella (Spider:4)
  18 polar bears
  36 merfolk
  13 hornets
  A spectral dream sheep (Lair:4)
  Grinder (D:3)
  11 slime creatures
  8 tarantella zombies
  A raiju (D:11)
  11 hippogriffs
  10 snapping turtles
  13 dream sheep
  A centaur simulacrum (D:12)
  4 flying skulls (Depths:1)
  3 wyverns
  A redback (shapeshifter) (D:15)
  88 redbacks
  15 spriggans
  2 air elementals
  51 tarantellas
  25 water elementals
  2 wraiths
  63 yaks
  A yak (shapeshifter) (Depths:1)
  3 hogs (D:7)
  2 hungry ghosts
  4 basilisks
  8 fire elementals
  A steam dragon (D:9)
  18 humans
  A naga (shapeshifter) (Depths:1)
  2 vampire mosquitoes (D:13)
  4 wargs
  2 soldier ants
  2 acid dragons (D:13)
  A hydra simulacrum (Lair:4)
  11 water moccasins
  4 porcupines
  3 hell hounds (D:14)
  A floating eye (shapeshifter) (Elf:2)
  2 spectral hornets (Spider:4)
  29 orc warriors
  7 sky beasts
  7 ice beasts
  2 hornet zombies
  A black bear (shapeshifter) (Elf:2)
  4 black bears
  32 wolves
  20 ogres
  2 phantoms
  12 boggarts
  15 centaurs
  10 crocodiles
  14 big kobolds
  12 bullfrogs
  3 earth elementals
  A human simulacrum (Depths:1)
  2 wyvern zombies
  5 scorpions
  A dream sheep simulacrum (Lair:4)
  19 killer bees
  7 wights
  An electric eel (Lair:4)
  4 howler monkeys (D:9)
  7 crimson imps
  2 bullfrog zombies
  4 hounds
  28 orc priests
  3 centaur skeletons
  6 jellies
  2 bullfrog skeletons
  Ijyb (D:4)
  3 iguanas
  34 orc wizards
  17 worker ants
  A howler monkey zombie (D:5)
  3 gnolls (D:7)
  A howler monkey skeleton (D:7)
  17 adders
  3 river rats
  3 shadow imps
  15 white imps
  5 oozes
  8 worms
  2 dart slugs
  4 leopard geckos
  99 orcs
  3 ball pythons
  11 bats
  8 giant cockroaches
  12 goblins
  7 hobgoblins
  11 jackals
  4 quokkas
  6 frilled lizards
  23 kobolds
  A leopard gecko skeleton (D:5)
  A quokka skeleton (D:9)
  12 rats
  6 crawling corpses (Elf:3)
  2 demonic plants (Gauntlet)
  7 fungi
  18 plants
1761 creatures vanquished.

Vanquished Creatures (collateral kills)
  A deep elf blademaster (Elf:3)
  A merfolk javelineer (Shoals:3)
  Fannar (D:11)
  5 harpies
  2 fauns (Shoals:4)
  A cyclops (Shoals:2)
  2 water nymphs
  5 merfolk
  A water elemental (Shoals:2)
  A scorpion (D:11)
  An orc (D:11)
  A plant (Shoals:4)
22 creatures vanquished.

Vanquished Creatures (others)
  A wizard (Depths:3)
  A deep elf mage (Elf:1)
  A manticore (Shoals:2)
  A water nymph (Shoals:2)
  A hornet (Spider:1)
  A boggart (Depths:1)
  An orc wizard (Orc:2)
  2 bushes (Lair:5)
  5 fungi
  89 plants
103 creatures vanquished.

Grand Total: 1886 creatures vanquished

Notes
Turn   | Place    | Note
-------+----------+-------------------------------------------
     0 | D:1      | Arthanis the Gargoyle Berserker began the quest for the
                  | Orb.
     0 | D:1      | Reached XP level 1. HP: 14/14 MP: 1/1
    72 | D:1      | Reached XP level 2. HP: 15/19 MP: 2/2
    99 | D:1      | Reached skill level 3 in Axes
   186 | D:1      | Reached ** piety under Trog
   268 | D:1      | Reached XP level 3. HP: 11/23 MP: 3/3
  1207 | D:2      | Reached XP level 4. HP: 29/29 MP: 4/4
  1774 | D:3      | Reached XP level 5. HP: 20/33 MP: 5/5
  1811 | D:3      | Noticed Grinder
  1819 | D:3      | Killed Grinder
  1819 | D:3      | Reached skill level 4 in Axes
  1819 | D:3      | Reached XP level 6. HP: 39/39 MP: 6/6
  1920 | D:3      | Found a faded altar of an unknown god.
  1979 | D:3      | Reached *** piety under Trog
  2044 | D:3      | Reached skill level 5 in Axes
  2063 | D:3      | Found a hide-covered altar of Uskayaw.
  2074 | D:3      | You fall into a shaft and drop 2 floors!
  2074 | D:5      | Entered Level 5 of the Dungeon
  2095 | D:5      | Reached skill level 5 in Fighting
  2125 | D:5      | Reached XP level 7. HP: 39/44 MP: 7/7
  2165 | D:5      | Found a glowing drain.
  2228 | Sewer    | Entered a sewer
  2294 | Sewer    | Reached skill level 6 in Axes
  2540 | Sewer    | Reached XP level 8. HP: 51/51 MP: 8/8
  2685 | Sewer    | Reached **** piety under Trog
  2753 | Sewer    | Reached skill level 7 in Axes
  2833 | D:5      | Found Periofox's Elemental Accessories.
  2951 | D:5      | Found a shimmering altar of Xom.
  2951 | D:5      | Found a bloodstained altar of Trog.
  3099 | D:5      | Found a sparkling altar of Nemelex Xobeh.
  3623 | D:4      | Reached skill level 8 in Axes
  3623 | D:4      | Reached skill level 5 in Armour
  3682 | D:4      | Reached XP level 9. HP: 50/57 MP: 9/9
  3815 | D:4      | Found a staircase to the Ecumenical Temple.
  3855 | D:3      | Found a glowing golden altar of the Shining One.
  3895 | D:3      | Found a hazy altar of Hepliaklqana.
  4008 | D:3      | Found a snail-covered altar of Cheibriados.
  4032 | D:3      | Found a shimmering blue altar of Sif Muna.
  4064 | D:3      | Found a white marble altar of Elyvilon.
  4359 | D:4      | Noticed Ijyb
  4366 | D:4      | Killed Ijyb
  4675 | D:4      | Got a jewelled cloak
  4681 | D:4      | Identified the +0 cloak of the Monkey's Uncle {rC+} (You
                  | found it on level 4 of the Dungeon)
  5030 | D:6      | Found Honatt's Distillery.
  5036 | D:6      | Bought a potion of heal wounds for 50 gold pieces
  5036 | D:6      | Bought a potion of degeneration for 10 gold pieces
  5036 | D:6      | Bought a potion of curing for 30 gold pieces
  5036 | D:6      | Bought a potion of lignification for 30 gold pieces
  5036 | D:6      | Bought a potion of flight for 30 gold pieces
  5036 | D:6      | Bought a potion of mutation for 80 gold pieces
  5036 | D:6      | Bought a potion of heal wounds for 50 gold pieces
  5117 | D:6      | Reached skill level 1 in Shields
  5117 | D:6      | Reached skill level 1 in Evocations
  5164 | D:6      | Got a crude leather armour
  5415 | D:7      | Found an opulent altar of Gozag.
  5462 | D:7      | Found a radiant altar of Vehumet.
  5542 | D:7      | Found a flagged portal.
  5565 | Bailey   | Entered a bailey
  5637 | Bailey   | Reached ***** piety under Trog
  5637 | Bailey   | Received a gift from Trog
  5862 | Bailey   | Reached skill level 9 in Axes
  5972 | Bailey   | Reached XP level 10. HP: 36/64 MP: 11/11
  6185 | Bailey   | Paralysed by fainting for 10 turns
  6374 | D:7      | Reached skill level 10 in Axes
  6906 | D:8      | Noticed Maurice
  6917 | D:8      | Killed Maurice
  7908 | D:9      | Reached XP level 11. HP: 68/71 MP: 14/14
  7997 | D:9      | Received a gift from Trog
  8112 | D:9      | Reached skill level 11 in Axes
  8495 | D:10     | Entered Level 10 of the Dungeon
  8503 | D:10     | Got a transparent falchion
  8570 | D:10     | Found a staircase to the Orcish Mines.
  8747 | D:10     | Got a shimmering hand axe
  8852 | D:10     | Noticed Psyche
  8855 | D:10     | Noticed Psyche
  8855 | D:10     | Psyche changed into Psyche the ogre
  8858 | D:10     | Killed Psyche the ogre
  9177 | D:10     | Identified the cursed +0 hand axe of Ynyaneg {vorpal,
                  | Int+7} (You found it on level 10 of the Dungeon)
  9178 | D:10     | Identified the +1 leather armour of Lucidity {rPois Int+2}
                  | (You found it on level 6 of the Dungeon)
  9224 | D:11     | Noticed a cyan ugly thing
  9242 | D:11     | Killed a cyan ugly thing
  9265 | D:11     | Reached skill level 10 in Fighting
  9307 | D:11     | Noticed a death yak
  9308 | D:11     | Found a staircase to the Lair.
  9308 | D:11     | Noticed a death yak
  9308 | D:11     | Noticed a death yak
  9316 | D:11     | Killed a death yak
  9318 | D:11     | Killed a death yak
  9320 | D:11     | Killed a death yak
  9320 | D:11     | Reached skill level 5 in Evocations
  9365 | D:11     | Noticed a red ugly thing
  9375 | D:11     | Killed a red ugly thing
  9375 | D:11     | Reached XP level 12. HP: 41/78 MP: 5/15
  9452 | D:11     | Noticed Sonja
  9453 | D:11     | Noticed Sonja
  9453 | D:11     | Sonja changed into Sonja the raiju
  9457 | D:11     | Killed Sonja the raiju
  9471 | D:11     | Noticed Fannar
  9500 | D:11     | Killed Fannar
  9571 | D:11     | Reached skill level 12 in Axes
  9969 | D:12     | Noticed a soul eater
 10143 | D:12     | Received a gift from Trog
 10741 | D:13     | Reached skill level 13 in Axes
 10743 | D:13     | Reached skill level 10 in Armour
 10743 | D:13     | Reached XP level 13. HP: 81/84 MP: 17/17
 10768 | D:13     | Found a gate to the Vaults.
 10768 | D:13     | Noticed a vault guard
 10768 | D:13     | Noticed a vault guard
 10773 | D:13     | Killed a vault guard
 10779 | D:13     | Killed a vault guard
 10851 | D:13     | Got a brightly glowing golden ring
 10911 | D:13     | Identified the ring of Cifeedi {*Contam rF+ Str+5 Slay+2
                  | SInv} (You found it on level 13 of the Dungeon)
 10978 | D:13     | Identified the +4 falchion "Byebown" {venom, *Noise rElec
                  | rN+++ Stlth+} (You found it on level 10 of the Dungeon)
 10996 | D:13     | Found Emua's General Store.
 11043 | D:13     | Bought a scroll of fear for 52 gold pieces
 11072 | D:13     | Received a gift from Trog
 11478 | D:13     | Reached skill level 14 in Axes
 11888 | D:14     | Found a shattered altar of Ashenzari.
 11891 | D:14     | Noticed Azrael
 11929 | D:14     | Killed Azrael
 11958 | D:14     | Got a scorched hand axe
 12044 | D:14     | Noticed a fire dragon
 12054 | D:14     | Killed a fire dragon
 12372 | D:14     | Gained mutation: Your large and strong wings let you fly
                  | indefinitely. [Gargoyle growth]
 12372 | D:14     | Reached XP level 14. HP: 88/92 MP: 18/18
 12493 | D:15     | Entered Level 15 of the Dungeon
 12504 | D:15     | Received a gift from Trog
 12518 | D:15     | Reached skill level 15 in Axes
 12717 | D:15     | Found Wariribi's Weapon Emporium.
 12732 | D:15     | Identified the cursed +0 hand axe of Fic Zarhicw {protect,
                  | rC+} (You found it on level 14 of the Dungeon)
 12841 | D:15     | Found a staircase to the Depths.
 13120 | Orc:1    | Entered Level 1 of the Orcish Mines
 13237 | Orc:1    | Received a gift from Trog
 13241 | Orc:1    | Paralysed by an orc sorcerer for 2 turns
 13439 | Orc:2    | Entered Level 2 of the Orcish Mines
 13489 | Orc:2    | Found a staircase to the Elven Halls.
 13732 | Orc:2    | Reached skill level 16 in Axes
 13770 | Orc:2    | Found Vir Oxae's Weapon Shoppe.
 13770 | Orc:2    | Found Dopithel's Antique Armour Emporium.
 13803 | Orc:2    | Found Taecacih's Gadget Emporium.
 13806 | Orc:2    | Found Rytynn's Armour Shoppe.
 13810 | Orc:2    | Bought a +2 cloak of invisibility for 365 gold pieces
 13810 | Orc:2    | Bought a +0 pair of boots for 76 gold pieces
 13823 | Orc:2    | Bought a lamp of fire for 680 gold pieces
 13951 | Orc:2    | Received a gift from Trog
 14001 | Orc:2    | Noticed an orc warlord
 14032 | Orc:2    | Killed an orc warlord
 14608 | Lair:1   | Entered Level 1 of the Lair of Beasts
 14745 | Lair:1   | Reached skill level 5 in Shields
 14858 | Lair:1   | Noticed Urug
 14869 | Lair:1   | Killed Urug
 14869 | Lair:1   | Reached XP level 15. HP: 100/100 MP: 14/20
 15350 | Lair:2   | Found a runed translucent door.
 15350 | Lair:2   | Noticed catzilla's ghost (journeyman MiBe)
 15367 | Lair:2   | Reached skill level 5 in Dodging
 15369 | Lair:2   | Killed catzilla's ghost
 15424 | Lair:2   | Found a frozen archway.
 15426 | Lair:2   | Received a gift from Trog
 15456 | IceCv    | Entered an ice cave
 15735 | IceCv    | Received a gift from Trog
 15928 | IceCv    | Noticed a frost giant
 15939 | IceCv    | Killed a frost giant
 15969 | IceCv    | Got a fine iron ring
 16549 | Lair:2   | Reached skill level 17 in Axes
 16998 | Lair:3   | Found a gate leading to a gauntlet.
 17016 | Gauntlet | Entered a Gauntlet
 17016 | Gauntlet | Found a transporter.
 17016 | Gauntlet | Found a transporter.
 17016 | Gauntlet | Found a transporter.
 17016 | Gauntlet | Found a transporter.
 17038 | Gauntlet | Received a gift from Trog
 17055 | Gauntlet | Found a transporter.
 17079 | Gauntlet | Found a transporter.
 17081 | Gauntlet | Found a transporter.
 17133 | Gauntlet | Found a transporter.
 17179 | Gauntlet | Identified the +0 broad axe of Dismay {freeze, rC+ Dex+3}
 17212 | Gauntlet | Identified the Catalogue of Shifting Attacks
 17220 | Gauntlet | Got an ebony dagger
 17220 | Gauntlet | Got a fabulously ornate robe
 17269 | Lair:3   | Found a hole to the Spider Nest.
 17607 | Lair:4   | Found a runed translucent gate.
 17607 | Lair:4   | Found a runed translucent gate.
 17607 | Lair:4   | Found a runed translucent gate.
 17703 | Lair:4   | Found a staircase to the Shoals.
 18226 | Lair:4   | Noticed Rooheesk's ghost (journeyman DDGl)
 18244 | Lair:4   | Reached XP level 16. HP: 106/106 MP: 22/22
 18252 | Lair:4   | Killed Rooheesk's ghost
 18654 | Lair:5   | Found a viscous altar of Jiyva.
 18654 | Lair:5   | Found a staircase to the Slime Pits.
 18711 | Lair:5   | Received a gift from Trog
 18964 | Lair:6   | Entered Level 6 of the Lair of Beasts
 19135 | Lair:6   | Reached skill level 18 in Axes
 19178 | Lair:6   | Received a gift from Trog
 19183 | Lair:6   | Got a polished war axe {god gift}
 19200 | Lair:6   | Found a dark tunnel.
 19208 | Volcano  | Entered a volcano
 19366 | Volcano  | Identified the +3 war axe "Cixtas" {flame, Str+4} (Trog
                  | gifted it to you on level 6 of the Lair of Beasts)
 20248 | Shoals:1 | Entered Level 1 of the Shoals
 20310 | Shoals:1 | Received a gift from Trog
 20394 | Shoals:1 | Identified 2 scrolls of acquirement
 20398 | Shoals:1 | Identified the +1 cloak "Zyefit" {Int+5 Stlth-} (You
                  | acquired it on level 1 of the Shoals)
 20399 | Shoals:1 | Identified the amulet "Edwucrah" {Reflect rF+ SH+2} (You
                  | acquired it on level 1 of the Shoals)
 20532 | Shoals:1 | Reached skill level 10 in Evocations
 21090 | Shoals:2 | Received a gift from Trog
 21161 | Shoals:2 | Reached XP level 17. HP: 101/112 MP: 8/24
 21172 | Shoals:2 | Reached skill level 15 in Fighting
 21189 | Shoals:3 | HP: 5/113 [water nymph/the raging water (13)]
 21197 | Shoals:3 | Reached skill level 19 in Axes
 21213 | Shoals:3 | Noticed Ilsuiw
 21237 | Shoals:3 | Killed Ilsuiw
 21433 | Shoals:3 | Received a gift from Trog
 21621 | Shoals:3 | Found a runed translucent gate.
 21621 | Shoals:3 | Found a runed translucent gate.
 21621 | Shoals:3 | Found a runed translucent gate.
 21623 | Shoals:3 | Noticed Mehido's ghost (adept GnWn)
 21656 | Shoals:3 | Killed Mehido's ghost
 21695 | Shoals:3 | Identified the ring "Wosav" {+Fly rN++ Str-2 Int+3 Stlth-}
                  | (You found it on level 3 of the Shoals)
 21697 | Shoals:3 | Got a warped hat
 21910 | Shoals:3 | Noticed Louise
 21933 | Shoals:3 | Killed Louise
 22262 | Shoals:4 | Entered Level 4 of the Shoals
 22263 | Shoals:4 | Noticed Bai Suzhen
 22286 | Shoals:4 | Killed Bai Suzhen
 22385 | Shoals:4 | Identified the +7 rapier "Sonaasm" {antimagic, Int+4}
 22741 | Shoals:4 | Received a gift from Trog
 22801 | Shoals:4 | Reached XP level 18. HP: 108/122 MP: 8/26
 22841 | Shoals:4 | Got a barnacled rune of Zot
 23337 | Shoals:2 | Reached skill level 20 in Axes
 23348 | Shoals:2 | Received a gift from Trog
 23955 | Spider:1 | Entered Level 1 of the Spider Nest
 24091 | Spider:1 | Received a gift from Trog
 24630 | Spider:2 | Found a runed translucent door.
 24640 | Spider:2 | Received a gift from Trog
 24643 | Spider:2 | Got a slimy war axe {god gift}
 24864 | Spider:2 | Noticed Arachne
 24890 | Spider:2 | Killed Arachne
 24996 | Spider:2 | Received a gift from Trog
 25055 | Spider:2 | You are sucked into a shaft and drop 1 floor!
 25550 | Spider:2 | Reached XP level 19. HP: 119/131 MP: 24/28
 25667 | Spider:3 | Received a gift from Trog
 25817 | Spider:3 | Reached skill level 21 in Axes
 25846 | Spider:3 | Received a gift from Trog
 26111 | Spider:4 | Entered Level 4 of the Spider Nest
 26406 | Spider:3 | Received a gift from Trog
 26923 | Spider:4 | Received a gift from Trog
 26943 | Spider:4 | Identified the cursed -1 hat of Anaesthesia {rElec rF++
                  | Str-2 Stlth+} (You found it on level 3 of the Shoals)
 27133 | Spider:4 | Reached XP level 20. HP: 140/140 MP: 13/29
 27163 | Spider:4 | Got a gossamer rune of Zot
 27463 | Elf:1    | Entered Level 1 of the Elven Halls
 27472 | Elf:1    | Received a gift from Trog
 27625 | Elf:1    | Found Vifaisel's Jewellery Boutique.
 27643 | Elf:1    | Bought the ring of Epecuf {Wiz Str+2 Slay+6} for 1128 gold
                  | pieces
 27849 | Elf:1    | Received a gift from Trog
 27921 | Elf:1    | Reached ****** piety under Trog
 28288 | Elf:2    | Received a gift from Trog
 28297 | Elf:2    | Reached skill level 22 in Axes
 28358 | Elf:2    | Identified the +8 war axe of Sin {vorpal, MR+ Int+3} (Trog
                  | gifted it to you on level 2 of the Spider Nest)
 28668 | Elf:2    | Found a huge runed translucent gate.
 28668 | Elf:2    | Found a huge runed translucent gate.
 28669 | Elf:2    | Found a huge runed translucent gate.
 28762 | Elf:2    | Found a huge runed translucent gate.
 28762 | Elf:2    | Found a huge runed translucent gate.
 28847 | Elf:2    | Received a gift from Trog
 29203 | Elf:3    | Entered Level 3 of the Elven Halls
 29377 | Elf:3    | Received a gift from Trog
 29455 | Elf:3    | Found a radiant altar of Vehumet.
 29748 | Elf:3    | Reached XP level 21. HP: 90/146 MP: 10/30
 29790 | Elf:3    | Received a gift from Trog
 30368 | Elf:3    | Identified the ring "Waasm" {+Inv rN+ MR- EV+3}
 30429 | Elf:3    | Identified the cursed +0 short sword of Qyuloatto {freeze,
                  | +Rage rF- rC+}
 30503 | Elf:3    | Identified the Grimoire of the Boosting Birds
 30547 | Elf:3    | Found the +1 cloak of Starlight {rElec rC+ EV+4 Stlth--}
 30596 | Elf:3    | Identified Usameikh's Almanac of Virous Enchantment
 30614 | Elf:3    | Received a gift from Trog
 31004 | Depths:1 | Entered Level 1 of the Depths
 31421 | Depths:1 | Received a gift from Trog
 31495 | Depths:1 | Found a sparkling altar of Nemelex Xobeh.
 31562 | Depths:1 | Found a bloodstained altar of Trog.
 31755 | Depths:1 | Reached skill level 23 in Axes
 31856 | Depths:1 | Found a gateway to Hell.
 31873 | Depths:1 | Received a gift from Trog
 31904 | Depths:1 | Found a one-way gate leading to the halls of Pandemonium.
 31913 | Depths:1 | Reached XP level 22. HP: 153/153 MP: 16/32
 31933 | Depths:1 | Reached skill level 10 in Dodging
 31997 | Depths:1 | Found Ubili's Jewellery Boutique.
 31997 | Depths:1 | Found Oxareq's Gadget Shoppe.
 31998 | Depths:1 | Found Lemn's Jewellery Boutique.
 32008 | Depths:1 | Bought a sack of spiders for 380 gold pieces
 32580 | Depths:2 | Received a gift from Trog
 33148 | Depths:3 | Found a radiant altar of Vehumet.
 33148 | Depths:3 | Noticed Frederick
 33151 | Depths:3 | Killed from afar by Frederick

Levels and vault maps discovered:
D:1:      elethiomel_arrival_shortcut, layout_loops_ring
D:2:      layout_basic, first_ration
D:3:      minmay_diamond_boxcup, layout_loops_cross,
          nicolae_overflow_quartered_altars, tso_altar, lemuel_round_altar,
          chequers_ecumenical_altar_simple_redux, uniq_grinder
D:4:      layout_gridville, minmay_temple_entry_trees, kennysheep_boxes,
          uniq_ijyb
D:5:      layout_basic, gammafunk_temple_overflow_wave,
          cheibrodos_sewer_entry_sluice, nicolae_elemental_shop,
          minmay_stone_trees_medium, grunt_ministairs_6,
          nemelex_dance_club_becter
D:6:      layout_cave_pools, serial_shops,
          nicolae_shop_competitors_out_of_business
D:7:      layout_basic, vehumet_altar_wand_db,
          nicolae_gozag_cash_rules_everything_around_me, enter_bailey_3,
          grunt_livestock, minmay_strange_pillars, hex_medium
D:8:      layout_loops_corners, uniq_maurice
D:9:      layout_grid_maze
D:10:     layout_stronghold, orc_0_dummy, chequers_serial_rivers_micro_a,
          uniq_psyche
D:11:     layout_rooms, dpeg_lair_monsters, uniq_fannar, uniq_sonja
D:12:     layout_irregular_city, chequers_avenue
D:13:     layout_cave_pods, grunt_vaults_entry_tiered, serial_shops, shop,
          kennysheep_generic_room_8
D:14:     layout_loops_cross, evilmike_ruin_ashenzari, uniq_azrael
D:15:     gammafunk_enter_depths_forms, layout_basic, minmay_fountain_box,
          serial_shops, shop
Lair:1:   layout_cave_pods, uniq_urug
Lair:2:   mu_elephants_graveyard, layout_regular_city,
          portal_ice_cave_entry_imps, ebering_ghost_inner_flame
Lair:3:   layout_cave_shapes, dummy_spider_entry, gauntlet_entry_generic,
          minmay_stone_trees_large
Lair:4:   layout_roguey, elwin_shoals_entry_rocks, gammafunk_ghost_necromancy,
          chequers_serial_rivers_micro_b, grunt_forest_small_clearings
Lair:5:   layout_cave_shapes, dpeg_slime_entry_enclosed_altar, wad_woods_06
Lair:6:   minmay_lair_end_enchanted_forest, layout_loops_ring,
          lightli_volcano_entry_magma_tube
Shoals:1: layout_shoals
Shoals:2: layout_shoals, nicolae_shoals_water_shrine
Shoals:3: layout_shoals, gammafunk_ghost_tricky_traps,
          nicolae_shoals_water_elemental_grotto, uniq_ilsuiw, uniq_louise
Shoals:4: shoals_end_grunt_garden, layout_shoals, ldierk_geyser, uniq_bai_suzhen
Spider:1: layout_spider_delve
Spider:2: cheibrodos_spider_deadly_dance, uniq_arachne
Spider:3: lemuel_spider_zombies, special_room [special_room_bee]
Spider:4: floodkiller_spider_rune_tomb, nicolae_spider_nook
Orc:1:    layout_caves
Orc:2:    st_orc_mages, layout_diamond_mine, rock_pile
Elf:1:    elf_arrival_002, layout_rooms, serial_shops, shop,
          hangedman_elf_disciples, st_stairs_13
Elf:2:    layout_gridlike
Elf:3:    minmay_elf_hall_quartered_circle, layout_geoelf_octagon, basic_altar
Depths:1: layout_cave_shapes, pan_entry, grunt_mini_vestibule,
          nemelex_xobeh_ov_fountains_minmay, corexii_leaking_fountain,
          st_stairs_6, chequers_serial_rivers_small_a,
          evilmike_spriggan_trog_shrine, minmay_shop_grove,
          infiniplex_staircase_pool_lava, firewood_loft, grunt_megastairs_2
Depths:2: mu_elemental_laboratory, layout_cave_pools, pf_coc_iceberg,
          minmay_misc_feat_tower
Depths:3: evilmike_halls_of_destruction, layout_long_grid,
          hangedman_decor_lopped, gammafunk_ghost_split,
          grunt_pan_entry_in_and_out, grunt_hell_entry_dis_mu,
          infiniplex_staircase_zigzag_3

Skill      XL: |  1  2  3  4  5  6  7  8  9 10 11 12 13 14 15 16 17 18 19 20 21 22 |
---------------+-------------------------------------------------------------------+-----
Axes           | 3 4 5 6 8 9 10 11 13 14 16 17 18 19 20 21 22 23 | 23.3
Dodging        | 2 3 4 6 8 9 10 | 10.4
Armour         | 3 4 5 6 7 8 10 | 10.0
Fighting       | 4 5 6 7 8 9 10 11 12 14 16 18 19 20 21 | 21.1
Shields        | 3 4 5 6 7 8 |  8.0
Evocations     | 2 4 5 6 8 10 12 13 14 | 14.1

Action                   |  1- 3 |  4- 6 |  7- 9 | 10-12 | 13-15 | 16-18 | 19-21 | 22-24 || total
-------------------------+-------+-------+-------+-------+-------+-------+-------+-------++-------
Melee: Hand axe          |   132 |    94 |       |       |       |       |       |       ||   226
       War axe           |       |    24 |   529 |       |       |       |       |       ||   553
       Spear             |       |       |    54 |    38 |       |       |       |       ||    92
       Battleaxe         |       |       |    44 |   394 |       |       |       |       ||   438
       Broad axe         |       |       |       |    76 |   950 |  1313 |  1262 |   217 ||  3818
Invok: Berserk           |     2 |     2 |     6 |     8 |    20 |    12 |    10 |     2 ||    62
       Trog's Hand       |       |       |     3 |     6 |    11 |    23 |    22 |    10 ||    75
       Brothers in Arms  |       |       |       |     1 |       |     2 |     1 |       ||     4
 Abil: Fly               |       |       |       |       |     1 |       |       |       ||     1
Evoke: Wand              |       |       |     5 |    39 |     1 |    20 |     6 |       ||    71
       Lightning rod     |       |       |       |       |       |     4 |     6 |       ||    10
       Lamp of fire      |       |       |       |       |       |     1 |     1 |       ||     2
  Use: Scroll            |       |     5 |     5 |     6 |     5 |    13 |     8 |     1 ||    43
       Potion            |       |       |       |       |       |     2 |     5 |       ||     7
 Stab: Distracted        |       |       |       |       |     1 |     2 |       |       ||     3
       Paralysed         |       |       |       |       |       |     6 |     1 |       ||     7
       Held in net/web   |       |       |       |       |       |       |     3 |       ||     3
  Eat: Chunk             |     3 |     5 |    19 |    27 |    41 |    35 |    25 |     2 ||   157
       Ration            |       |       |       |     1 |     3 |     4 |     4 |     2 ||    14
Armor: Animal skin       |    51 |       |       |       |       |       |       |       ||    51
       Chain mail        |    28 |    88 |   395 |       |       |       |       |       ||   511
       Plate armour      |       |       |    16 |   570 |   583 |  1079 |   813 |   115 ||  3176
       Ice dragon scales |       |       |       |       |    70 |       |       |       ||    70
Dodge: Dodged            |    90 |    56 |   242 |   203 |   273 |   382 |   286 |    49 ||  1581
       Deflected         |       |       |       |       |       |    43 |    33 |    12 ||    88
Block: Kite shield       |       |       |    90 |    41 |   471 |   365 |       |       ||   967
       Tower shield      |       |       |       |       |       |   732 |  1055 |   183 ||  1970

Table legend:
 A = Non-vault XP
 B = Vault XP
 C = Vault XP percentage of total XP
 D = Non-vault monster count
 E = Vault monster count
 F = Vault count percentage of total count
                 A         B        C        D         E       F
            +---------+---------+-------+---------+---------+-------
      Total |  354232 |  292552 |  45.2 |    1077 |     675 |  38.5
            +---------+---------+-------+---------+---------+-------
        D:1 |      40 |       0 |   0.0 |      24 |       0 |   0.0
        D:2 |      81 |       0 |   0.0 |      28 |       0 |   0.0
        D:3 |     130 |     304 |  70.0 |      19 |      10 |  34.5
        D:4 |     621 |      36 |   5.5 |      11 |       1 |   8.3
        D:5 |     475 |     195 |  29.1 |      21 |       8 |  27.6
        D:6 |     548 |       0 |   0.0 |      20 |       0 |   0.0
        D:7 |     817 |    1003 |  55.1 |      19 |      10 |  34.5
        D:8 |    1027 |     433 |  29.7 |      21 |       1 |   4.5
        D:9 |    2951 |       0 |   0.0 |      36 |       0 |   0.0
       D:10 |    1261 |     122 |   8.8 |      17 |       1 |   5.6
       D:11 |    4577 |    4227 |  48.0 |      31 |       7 |  18.4
       D:12 |    5340 |       0 |   0.0 |      35 |       0 |   0.0
       D:13 |    7560 |    9136 |  54.7 |      45 |      27 |  37.5
       D:14 |    8379 |    2288 |  21.4 |      27 |       7 |  20.6
       D:15 |   14669 |    4019 |  21.5 |      33 |      12 |  26.7
     Lair:1 |    2897 |     831 |  22.3 |      11 |       1 |   8.3
     Lair:2 |    4189 |   11073 |  72.6 |      18 |      32 |  64.0
     Lair:3 |    1441 |       0 |   0.0 |      10 |       0 |   0.0
     Lair:4 |    2549 |    4030 |  61.3 |       8 |       7 |  46.7
     Lair:5 |    2451 |     538 |  18.0 |       9 |       3 |  25.0
     Lair:6 |    8668 |    8627 |  49.9 |      35 |      45 |  56.2
   Shoals:1 |   11793 |       0 |   0.0 |      25 |       0 |   0.0
   Shoals:2 |   22388 |    4621 |  17.1 |      50 |       9 |  15.3
   Shoals:3 |   15999 |   12975 |  44.8 |      37 |      19 |  33.9
   Shoals:4 |   18854 |   22169 |  54.0 |      37 |      31 |  45.6
   Spider:1 |   14880 |       0 |   0.0 |      46 |       0 |   0.0
   Spider:2 |   23977 |   12349 |  34.0 |      76 |      20 |  20.8
   Spider:3 |   24224 |   12976 |  34.9 |      62 |      45 |  42.1
   Spider:4 |   10136 |   39905 |  79.7 |      23 |      78 |  77.2
      Orc:1 |    1755 |       0 |   0.0 |      18 |       0 |   0.0
      Orc:2 |    5361 |    4943 |  48.0 |      32 |      44 |  57.9
      Elf:1 |   13789 |    9336 |  40.4 |      23 |      15 |  39.5
      Elf:2 |   19234 |   23761 |  55.3 |      31 |      28 |  47.5
      Elf:3 |   19910 |   48388 |  70.8 |      29 |      34 |  54.0
   Depths:1 |   53230 |   14468 |  21.4 |      72 |      21 |  22.6
   Depths:2 |   20312 |    1781 |   8.1 |      31 |       7 |  18.4
   Depths:3 |    7719 |    8893 |  53.5 |       7 |      10 |  58.8
      Sewer |       0 |     839 | 100.0 |       0 |      28 | 100.0
     Bailey |       0 |    2214 | 100.0 |       0 |      37 | 100.0
      IceCv |       0 |   13315 | 100.0 |       0 |      55 | 100.0
    Volcano |       0 |    6541 | 100.0 |       0 |      11 | 100.0
   Gauntlet |       0 |    6216 | 100.0 |       0 |      11 | 100.0
            +---------+---------+-------+---------+---------+-------
